 Dungeon Crawl Stone Soup version bcrawl-1.39.1 (webtiles) character file.

Game seed: 10905681134133635111

14461446 zoran the Conqueror (level 27, 273/273 HPs)
             Began as a Minotaur Wanderer on July 19, 2023.
             Was a High Priest of Makhleb.
             Escaped with the Orb
             ... and 3 runes on July 20, 2023!
             The game lasted 03:28:55 (67862 turns).

zoran the Conqueror (Minotaur Wanderer)            Turns: 67862, Time: 03:28:55

Health: 273/273    AC: 52    Str: 34    XL:     27
Magic:  35/35      EV:  9    Int:  6    God:    Makhleb [*****.]
Gold:   1810       SH: 27    Dex: 14    Spells: 26/26 levels left

rFire    + + .     GDR:     43% a - +8 eveningstar (venom)
rCold    + + +     SeeInvis .   s - +0 large shield
rNeg     . . .     Gourm    +   c - +11 gold dragon scales
rPois    +         Faith    .   (helmet restricted)
rElec    +         Spirit   .   k - +2 cloak {+Inv}
rCorr    .         Reflect  .   M - +1 pair of gloves {Str+3}
MR       +++++                  b - +2 pair of boots {run}
Stlth    ..........             V - amulet of the Leaping Saviour {Gourm rPois rC+ MR++}
HPRegen  0.55/turn              j - ring of Nocon {rF+ Str+2 Slay-2 Stlth--}
MPRegen  0.24/turn              f - ring of Edaud {*Corrode rElec rC++ MR++ Str+2}

@: swift, flying, very quick
A: retaliatory headbutt, beak, horns 2, icy blue scales 1, iridescent scales 1,
blurry vision 2, deterioration 1, dopey 1, poison resistance, shaggy fur 1,
evolution 1, no potion heal 2
0: Orb of Zot
}: 3/15 runes: decaying, serpentine, slimy
a: Minor Destruction, Hew, Major Destruction, Greater Servant of Makhleb,
Renounce Religion, Evoke Invisibility


You escaped.
You worshipped Makhleb.
Makhleb was extremely pleased with you.
You were hungry.

You visited 11 branches of the dungeon, and saw 46 of its levels.
You also visited: Volcano.

You collected 8809 gold pieces.
You spent 6999 gold pieces at shops.

Inventory:

Hand Weapons
 a - a +8 eveningstar of venom (weapon)
 q - a +0 blowgun
Missiles
 x - 25 needles of frenzy {=f}
 z - 10 throwing nets (quivered) {=f}
 U - 26 curare-tipped needles
Armour
 b - a +2 pair of boots of running (worn)
 c - +11 gold dragon scales (worn)
 k - a +2 cloak of invisibility (worn)
 s - a +0 large shield (worn)
 M - a +1 pair of gloves of strength (worn)
Jewellery
 f - the ring of Edaud (right hand) {*Corrode rElec rC++ MR++ Str+2}
   (You found it on level 5 of the Pits of Slime)

   [ring of insulation]

   It affects your strength (+2).
   It greatly protects you from cold.
   It insulates you from electricity.
   It affects your resistance to hostile enchantments.
   It may corrode you when you take damage.
 j - the ring of Nocon (left hand) {rF+ Str+2 Slay-2 Stlth--}
   (You found it on level 1 of the Depths)

   [ring of attention]

   It affects your strength (+2).
   It affects your accuracy and damage with ranged weapons and melee attacks
   (-2).
   It protects you from fire.
   It makes you much less stealthy.
 m - the ring "Ytivefa" {rPois rC+ Dex+2}
   (You found it on level 1 of the Depths)

   [ring of dexterity]

   It affects your dexterity (+2).
   It protects you from cold.
   It protects you from poison.
 o - the ring "Uliten Doit" {rElec rN+}
   (You took it off a skeletal warrior on level 2 of the Crypt)

   [ring of positive energy]

   It insulates you from electricity.
   It protects you from negative energy.
 u - an uncursed ring of see invisible
 G - an uncursed ring of resist corrosion
 V - the amulet of the Leaping Saviour (around neck) {Gourm rPois rC+ MR++}
   (You found it on level 5 of the Depths)

   [amulet of the gourmand]

   It allows you to eat raw meat even when not hungry.
   It protects you from cold.
   It protects you from poison.
   It affects your resistance to hostile enchantments.
Wands
 d - a wand of polymorph (27)
 E - a wand of acid (31)
 N - a wand of disintegration (91)
 R - a wand of charming (6)
 S - a wand of paralysis (32)
 T - a wand of iceblast (18)
Scrolls
 g - 6 scrolls of teleportation
 l - 4 scrolls of fog
 n - 26 scrolls of remove curse
 y - 2 scrolls of blinking
 D - 7 scrolls of fear
 I - 4 scrolls of vulnerability
 L - a scroll of immolation
 P - a scroll of silence
Potions
 h - 5 potions of heal wounds
 i - 2 potions of cancellation
 p - 16 potions of curing
 w - 2 potions of mutation
 A - 4 potions of ambrosia
 B - 3 potions of agility
 J - 3 potions of invisibility
 K - 5 potions of flight
 O - 3 potions of resistance
 X - 5 potions of lignification
Miscellaneous
 t - 5 boxes of beasts
 C - a fan of gales (2/2)
 F - a lightning rod (4/4)
 H - a sack of spiders
 Q - a phial of floods
 Z - a lamp of fire
Comestibles
 e - 32 rations {!d}


   Skills:
 O Level 27 Fighting
   Level 2.4(13.7) Axes
 - Level 19.9(20.0) Maces & Flails
 - Level 10.0 Throwing
 + Level 24.5 Armour
 - Level 10.0 Dodging
 - Level 10.0 Stealth
 + Level 24.5 Shields
 - Level 18.0 Invocations
 - Level 19.0 Evocations


You had 26 spell levels left.
You didn't know any spells.
Your spell library contained the following spells:

 Spells                   Type           Power        Failure   Level  Hunger
 Apportation              Tloc           #.....       100%        1    None
 Beastly Appendage        Tmut           #.....       100%        1    None
 Blink Other              Tloc           #.....       100%        1    None
 Flame Tongue             Conj/Fire      #....        100%        1    None
 Infusion                 Chrm           #.......     100%        1    None
 Sting                    Conj/Pois      #...         100%        1    None
 Summon Butterflies       Summ           #.......     100%        1    None
 Blink                    Tloc           N/A          100%        2    ####...
 Call Imp                 Summ           #.....       100%        2    ####...
 Corpse Rot               Necr           N/A          100%        2    ####...
 Flaming Arrows           Chrm/Fire      #.......     100%        2    ####...
 Passwall                 Tmut/Erth      #.......     100%        2    ####...
 Poisonous Vapours        Pois/Air       #.....       100%        2    ####...
 Song of Slaying          Chrm           #.......     100%        2    ####...
 Sticks to Snakes         Tmut           #.......     100%        2    ####...
 Sublimation of Blood     Necr           #.........   100%        2    ####...
 Swiftness                Chrm/Air       #.......     100%        2    ####...
 Beckoning                Tloc           #.........   100%        3    #####..
 Conjure Flame            Conj/Fire      #.......     100%        3    #####..
 Ignite Poison            Fire/Tmut/Pois #.......     100%        3    #####..
 Inner Flame              Hex/Fire       N/A          100%        3    #####..
 Mephitic Cloud           Conj/Pois/Air  #.......     100%        3    #####..
 Ozocubu's Armour         Chrm/Ice       #.......     100%        3    #####..
 Portal Projectile        Tloc           #.....       100%        3    #####..
 Regeneration             Chrm/Necr      #.........   100%        3    #####..
 Spectral Weapon          Hex/Chrm       #.......     100%        3    #####..
 Spider Form              Tmut/Pois      #..          100%        3    #####..
 Teleport Other           Tloc           #.......     100%        3    #####..
 Tukima's Dance           Hex            #.......     100%        3    #####..
 Agony                    Necr           #.......     100%        4    ######.
 Cause Fear               Hex            #.........   100%        4    ######.
 Ice Form                 Ice/Tmut       #.......     100%        4    ######.
 Olgreb's Toxic Radiance  Pois           #........    100%        4    ######.
 Petrify                  Tmut/Erth      #.........   100%        4    ######.
 Sticky Flame             Conj/Fire      #.......     100%        4    ######.
 Summon Ice Beast         Ice/Summ       #.......     100%        4    ######.
 Summon Scorpions         Summ/Pois      #.......     100%        4    ######.
 Blade Hands              Tmut           #.........   100%        5    #######
 Bolt of Draining         Conj/Necr      #.........   100%        5    #######
 Fireball                 Conj/Fire      #.........   100%        5    #######
 Freezing Cloud           Ice/Air        #.......     100%        5    #######
 Metabolic Englaciation   Hex/Ice        #.........   100%        5    #######
 Steam Barrier            Chrm/Fire      #.........   100%        5    #######
 Summon Demon             Summ           #.........   100%        5    #######
 Venom Bolt               Conj/Pois      #.........   100%        5    #######
 Bolt of Cold             Conj/Ice       #.........   100%        6    #######
 Bolt of Fire             Conj/Fire      #.........   100%        6    #######
 Borgnjor's Vile Clutch   Necr/Erth      #.........   100%        6    #######
 Deflect Missiles         Chrm/Air       #.........   100%        6    #######
 Infestation              Hex/Tmut/Pois  #........    100%        6    #######
 Invisibility             Hex            #.......     100%        6    #######
 Iron Shot                Conj/Erth      #.........   100%        6    #######
 Ozocubu's Refrigeration  Ice            #.........   100%        6    #######
 Poison Arrow             Conj/Pois      #.........   100%        6    #######
 Simulacrum               Ice/Necr       #.......     100%        6    #######
 Virulence                Hex/Pois       #.......     100%        6    #######
 Discord                  Hex            #.........   100%        7    #######
 Dragon Form              Tmut           #......      100%        7    #######
 Haunt                    Necr/Summ      #.........   100%        7    #######
 Icicle Burst             Conj/Ice       #.........   100%        7    #######
 Malign Gateway           Summ/Tloc      #.........   100%        7    #######
 Mana Rupture             Conj/Hex       #.........   100%        7    #######
 Monstrous Menagerie      Summ           #.........   100%        7    #######
 Orb of Destruction       Conj           #.........   100%        7    #######
 Spellforged Servitor     Conj/Summ      #.........   100%        7    #######
 Summon Greater Demon     Summ           #.........   100%        7    #######
 Chain Lightning          Conj/Air       #.........   100%        8    #######
 Glaciate                 Conj/Ice/Air   #.........   100%        8    #######
 Lehudib's Crystal Spear  Conj/Erth      #.........   100%        8    #######
 Summon Horrible Things   Summ           #.........   100%        8    #######
 Dragon's Call            Summ           #.........   100%        9    #######
 Fire Storm               Conj/Fire      #.........   100%        9    #######
 Passage of Golubria      Tloc           Unusable     N/A         5    N/A

Dungeon Overview and Level Annotations

Branches:
Dungeon (12/12)            Temple (0/1) D:7            Lair (6/6) D:8
  Swamp (3/3) Lair:2        Snake (3/3) Lair:4        Slime (5/5) Orc
    Orc (1/1) D:10            Elf (2/3) Lair:6       Vaults (2/3) D:11
  Crypt (2/2) Vaults:2       Tomb (0/3) Crypt:2      Depths (5/5) D:12
    Zot (5/5) Depths:5

Altars:
Cheibriados
Dithmenos
Gozag
Kikubaaqudgha
Lugonu
Makhleb
Nemelex Xobeh
Ru
Sif Muna
Vehumet
Xom
Yredelemnul
Zin
The Shining One
Jiyva

Shops:
D:6 *   D:10 !*   D:12 *   Orc ?*%*:   Elf:2 ?[}*   Snake:3 =}=   Vaults:2 (}[%

Portals:
Hell: Depths:1 Depths:2 Depths:3 Depths:4 Depths:5
Abyss: Depths:2 Depths:4
Pandemonium: Depths:2 Depths:3
Ziggurat: Depths:5

Annotations:
D:3 2 transporters
D:6 1 runed door


Innate Abilities, Weirdness & Mutations

You reflexively headbutt those who attack you in melee.
You have a pair of horns on your head.
You have a beak for a mouth.
You are partially covered in icy blue scales. (AC +2)
You are partially covered in iridescent scales. (AC +2)
Scrolls take you longer to read.
Your body sometimes deteriorates upon taking damage.
You are dopey. (Int -2)
Your system is resistant to poisons. (rPois)
You are covered in fur. (AC +1)
You evolve.
Potions are poor at restoring your health.


Message History

You hit the Orb Guardian but do no damage.
You headbutt the Orb Guardian.
You kill the Orb Guardian!
Makhleb accepts your kill.
A corrupter and a black sun come into view.
The gelid corrupter is wielding a +1 demon blade of draining.
The torturous black sun shouts!
There is a stone staircase leading up here.
You climb upwards.
There is a stone staircase leading down here.
You feel very buoyant.
You fly up into the air.
Evoke which item? (* to show all) (? for menu, Esc to quit)
Aiming: Dig
Press: ? - help, Shift-Dir - straight line This square is covered in magical glow.
The rock shatters into small pieces.
The now-empty wand crumbles to dust.
There is a staircase leading out of the dungeon here.
The power of the Orb breaks the dimensional shunt like a soap bubble!
You have escaped!

..#...#ยงยงยง##......P..##...#(..#..
..#...#...##'#.....#'##...#...#..
'##...#...##.###'###.##...#...##'
.###..#...#...#.......#...#..###.
...#'##...#..^#.>.#...#...##'#...
......##'###'##...##'###'##......
##...........##.+###...........##
.#####.....................##### .#
######.....@.....#######.# .#
#...##.############.....#
.########...#####.# #..#.#####
..................# ##...#
##............##### ##..#
#..####.......# #..# #### #.##
#.......##########..# #... #.#
##..................# #... ..#
#.......##########..####...


There were no monsters in sight!

Vanquished Creatures
  the Royal Jelly (Slime:5)
  A juggernaut (Depths:2)
  9 orbs of fire
  5 ancient liches
  6 Killer Klowns
  13 golden dragons
  4 caustic shrikes
  2 curse toes
  5 rockslimes
  7 electric golems
  2 bone dragons
  An Orb Demon (Zot:4)
  14 tentacled monstrosities
  A wendigo (Depths:2)
  23 Orb Guardians
  3 liches
  A deep elf blademaster (Elf:2)
  20 acid blobs
  3 quicksilver dragons
  6 death cobs
  A sphinx (Depths:2)
  6 ancient champions
  9 shadow dragons
  3 thorn hunters (Swamp:3)
  2 ghouls (Crypt:1)
  7 nagarajas
  Donald (Swamp:2)
  2 draconian monks
  Kirke (Lair:6)
  15 storm dragons
  3 tengu reavers
  2 revenants (Crypt:1)
  9 frost giants
  9 fire giants
  2 deep elf sorcerers
  9 azure jellies
  A balrug (Depths:1)
  A war gargoyle (D:11)
  3 draconian knights
  A greenwood witch (Zot:3)
  7 vault wardens
  An iron dragon (Depths:5)
  2 curse skulls
  A juggernaut zombie (Crypt:1)
  8 ghost moths
  4 draconian shifters
  3 draconian annihilators
  3 spriggan defenders
  Aizul (Snake:3)
  6 ironheart preservers
  2 draconian stormcallers
  An eye of devastation (Zot:2)
  16 stone giants
  A reaper (Crypt:2)
  8 jiangshi
  17 very ugly things
  3 draconian scorchers
  3 caustic shrike skeletons
  7 green draconians
  5 vampire knights
  2 deep elf demonologists
  3 entropy weavers
  2 dire elephants (Lair:6)
  12 yellow draconians
  4 purple draconians
  2 deep elf annihilators
  6 black draconians
  21 red draconians
  3 spark wasps (Depths:5)
  5 white draconians
  4 eidola
  2 deep elf death magi
  5 ettins
  A merfolk javelineer (Depths:1)
  A merfolk impaler (Depths:3)
  5 yaktaur captains
  6 fire dragons
  A deep elf high priest (Depths:4)
  6 vault guards
  6 ice dragons
  12 hydras
  13 rakshasas
  2 shambling mangroves
  8 ogre magi
  11 naga warriors
  3 ghost crabs
  25 two-headed ogres
  19 anacondas
  3 spriggan air magi
  2 death oozes
  A queen ant (Lair:6)
  A death knight (D:12)
  18 great orbs of eyes
  11 deep troll shamans
  8 deep troll earth magi
  4 ancient automatons
  4 alligators
  2 tengu warriors
  2 spectral dire elephants (Lair:6)
  18 dancing weapons
  A shock serpent (Snake:1)
  A death yak (Lair:6)
  7 spriggan berserkers
  A soul eater (Crypt:1)
  9 deep elf knights
  8 vampire magi
  19 naga sharpshooters
  3 sun demons
  17 deep trolls
  A goliath frog (Lair:6)
  An iron troll (Depths:3)
  5 titan skeletons (Crypt:2)
  8 hell knights
  3 salamander mystics
  A spectral anaconda (Lair:6)
  3 spriggan druids
  11 swamp dragons
  13 centaur warriors
  An obsidian statue (Lair:6)
  6 glowing orange brains
  3 flayed ghosts
  9 wizards
  23 skeletal warriors
  An unseen horror (shapeshifter) (Depths:2)
  9 naga ritualists
  A wolf spider (Lair:5)
  4 phantasmal warriors
  A cyclops (shapeshifter) (Depths:2)
  6 deep elf archers
  14 ironheart convokers
  Pikel (D:4)
  2 orc knights
  3 lindwurms (Swamp:3)
  5 cyclopes
  A fire giant zombie (Depths:4)
  8 necromancers
  An oklob plant (Lair:3)
  5 anaconda skeletons
  6 mana vipers
  2 manticores
  An orc sorcerer (Orc)
  29 deep elf magi
  A manticore (shapeshifter) (Depths:1)
  A shadow dragon skeleton (Depths:4)
  An iron dragon skeleton (Crypt:2)
  7 salamanders
  9 shining eyes
  11 elephants
  139 slime creatures
  A fire giant skeleton (Crypt:2)
  28 ugly things
  3 will-o'-wisps (Swamp:1)
  25 moths of wrath
  28 black mambas
  11 guardian serpents
  A titan simulacrum (Depths:4)
  5 vault sentinels
  A spriggan zombie (Depths:4)
  5 gargoyles (Volcano)
  4 stone giant skeletons (Crypt:2)
  An orange demon (Depths:3)
  13 naga magi
  A smoke demon (Depths:3)
  6 torpor snails
  19 cane toads
  A dire elephant skeleton (Lair:6)
  2 rime drakes
  An efreet (Zot:1)
  2 flying skulls
  A yaktaur (shapeshifter) (D:12)
  20 yaktaurs
  An eye of draining (D:12)
  A tengu conjurer (Elf:2)
  4 freezing wraiths
  6 komodo dragons
  A tormentor (Depths:3)
  13 trolls
  3 polar bears
  3 meliai (D:9)
  A pale draconian skeleton (Crypt:2)
  A wolf spider simulacrum (D:7)
  A merfolk (Snake:3)
  A meliai (shapeshifter) (Vaults:1)
  7 tyrant leeches
  9 hornets
  2 spectral guardian serpents (Crypt:1)
  An iron troll skeleton (Crypt:1)
  2 harpy skeletons
  3 bog bodies
  11 hippogriffs
  2 meliai zombies
  A spectral elephant (Lair:6)
  18 blink frogs
  A stone giant simulacrum (Vaults:2)
  A snapping turtle (Snake:3)
  6 dream sheep
  An ettin skeleton (Crypt:2)
  An air elemental (Elf:2)
  An ice dragon skeleton (Crypt:2)
  11 spriggans
  A spriggan (shapeshifter) (Vaults:2)
  2 shadows
  2 basilisks
  A dire elephant simulacrum (Lair:6)
  A yak (shapeshifter) (Depths:1)
  8 water elementals
  2 wraiths
  A wyvern (D:5)
  Eustachio (D:6)
  31 yaks
  A ynoxinul (Depths:3)
  A hog (Lair:6)
  19 humans (D:11)
  2 basilisks (shapeshifter)
  A chaos spawn (Depths:3)
  A fire bat (shapeshifter) (Depths:4)
  18 fire elementals (Zot:1)
  13 golden eyes
  A golden eye (shapeshifter) (Vaults:1)
  5 vampire mosquitoes (Swamp:3)
  2 hungry ghosts
  2 redbacks (Vaults:2)
  19 swamp worms
  3 wargs
  54 nagas
  A faun zombie (Crypt:1)
  2 spectral cane toads (Lair:6)
  7 crocodiles
  An acid dragon (Lair:5)
  4 water moccasins
  6 swamp drakes
  2 floating eyes
  2 floating eyes (shapeshifter)
  9 soldier ants
  8 orc warriors
  7 porcupines
  A sky beast (D:11)
  2 hornet zombies
  A swamp dragon zombie (Crypt:1)
  3 ice beasts
  A black bear (Lair:5)
  An elephant skeleton (Lair:6)
  29 ogres
  A necrophage (Crypt:1)
  20 boggarts
  An elephant zombie (Lair:6)
  A phantom (D:7)
  11 wolves
  A rime drake zombie (Crypt:2)
  9 bullfrogs
  A kobold brigand (D:6)
  2 gnoll sergeants
  A komodo dragon skeleton (Crypt:1)
  A cane toad simulacrum (Lair:6)
  An elf skeleton (Crypt:2)
  9 centaurs
  An earth elemental (Elf:2)
  A wyvern skeleton (Crypt:2)
  4 elephant simulacra (Lair:6)
  A spriggan skeleton (Volcano)
  17 wights
  5 howler monkeys
  9 electric eels
  4 troll skeletons (Volcano)
  7 orc priests
  4 crimson imps
  2 bullfrog zombies
  A wolf skeleton (Crypt:1)
  2 quasits
  9 hounds
  12 jellies
  3 iron imps (D:4)
  15 orc wizards
  2 bullfrog skeletons
  A human skeleton (Crypt:2)
  3 iguanas
  16 worker ants
  A porcupine skeleton (D:10)
  A dwarf zombie (Crypt:1)
  2 naga skeletons (Volcano)
  2 hound zombies
  2 hound skeletons
  A howler monkey zombie (D:7)
  A worker ant zombie (D:7)
  Robin (D:4)
  11 gnolls
  2 howler monkey skeletons
  A swamp drake zombie (Crypt:2)
  10 adders
  A centaur zombie (Crypt:1)
  5 shadow imps
  A white imp (Vaults:1)
  An adder skeleton (D:6)
  5 worms
  15 dart slugs
  A leopard gecko (D:5)
  46 orcs
  6 ball pythons (D:2)
  14 goblins
  5 hobgoblins
  10 jackals
  11 kobolds
  3 bats
  2 frilled lizards
  2 goblin skeletons (D:6)
  2 goblin zombies (D:6)
  2 hobgoblin zombies (D:6)
  2 kobold skeletons (D:6)
  2 kobold zombies (D:6)
  An orc zombie (D:6)
  A quokka skeleton (D:5)
  3 rats (D:1)
  2 plants
1928 creatures vanquished.

Vanquished Creatures (collateral kills)
  2 juggernauts (Depths:4)
  Xtahua (Zot:1)
  A golden dragon (Depths:2)
  Margery (Crypt:2)
  A Killer Klown (Depths:4)
  the Lernaean hydra (Swamp:3)
  Gastronok (Lair:1)
  A tentacled monstrosity (Depths:4)
  3 Orb Guardians (Zot:5)
  A wendigo (Depths:4)
  A quicksilver dragon (Zot:1)
  A death cob (Zot:1)
  A shadow dragon (Zot:1)
  3 storm dragons
  A tengu reaver (Depths:4)
  2 frost giants
  An iron dragon (Depths:4)
  2 stone giants (Depths:1)
  A draconian shifter (Zot:1)
  A jiangshi (Crypt:2)
  A caustic shrike skeleton (Crypt:2)
  A green draconian (Zot:3)
  2 very ugly things (Depths:4)
  A black draconian (Zot:1)
  A red draconian (Zot:1)
  A purple draconian (Zot:1)
  An eidolon (Crypt:2)
  A naga warrior (Snake:2)
  A vault guard (Vaults:1)
  2 hydras (Swamp:3)
  An ogre mage (Vaults:1)
  5 deep elf knights (Elf:2)
  5 dancing weapons (Elf:2)
  2 naga sharpshooters
  A deep troll (Depths:1)
  A skeletal warrior (Crypt:2)
  3 centaur warriors (Vaults:1)
  A storm dragon skeleton (Crypt:2)
  A salamander mystic (Snake:3)
  2 iron trolls (Depths:4)
  A titan skeleton (Crypt:2)
  A hell knight (Crypt:2)
  2 ironheart convokers (Vaults:1)
  A naga ritualist (Snake:2)
  A necromancer (Crypt:2)
  2 mana vipers (Snake:2)
  8 deep elf magi (Elf:2)
  An ugly thing (Depths:4)
  A salamander (Snake:1)
  A moth of wrath (Zot:1)
  A black mamba (Snake:2)
  A guardian serpent (Snake:2)
  A vault sentinel (Vaults:1)
  A will-o'-wisp (Swamp:1)
  A naga mage (Snake:2)
  4 flying skulls (Crypt:2)
  An ice dragon skeleton (Crypt:2)
  A water elemental (Depths:1)
  A fire dragon skeleton (Crypt:2)
  2 wraiths (Crypt:2)
  2 vampire mosquitoes (Swamp:3)
  3 nagas (Snake:2)
  A swamp drake (Swamp:3)
  A boggart (Vaults:2)
  A hog skeleton (Crypt:2)
  4 wights (Crypt:2)
106 creatures vanquished.

Vanquished Creatures (others)
  A rockslime (Depths:1)
  4 acid blobs (Slime:5)
  3 death cobs (Zot:1)
  An azure jelly (Slime:5)
  A vault warden (Vaults:1)
  A draconian scorcher (Zot:3)
  A stone giant (Depths:2)
  A jiangshi (Depths:1)
  A red draconian (Zot:1)
  A fire dragon (Depths:2)
  A vault guard (Vaults:1)
  A spriggan air mage (Depths:2)
  A hydra (Swamp:3)
  A rakshasa (Depths:2)
  An anaconda (Snake:3)
  A hell hog (Depths:2)
  3 deep troll earth magi (Depths:2)
  A naga sharpshooter (Snake:3)
  A spriggan berserker (Depths:2)
  A deep elf knight (Vaults:1)
  2 naga magi (Snake:3)
  A centaur warrior (Vaults:1)
  A glowing orange brain (Slime:5)
  A swamp dragon (Swamp:3)
  A wizard (D:11)
  An ironheart convoker (Vaults:1)
  A shining eye (Slime:5)
  3 moths of wrath (Zot:5)
  2 guardian serpents (Snake:3)
  A yaktaur (Depths:2)
  A freezing wraith (Vaults:1)
  A hornet (Swamp:3)
  A slime creature (Slime:4)
  A spriggan (Swamp:2)
  2 humans (Lair:6)
  3 nagas (Snake:3)
  A swamp drake (Swamp:3)
  An ogre (Vaults:1)
  A fire vortex (Zot:1)
  8 fungi
  19 plants
  19 withered plants (Lair:6)
99 creatures vanquished.

Grand Total: 2133 creatures vanquished

Notes
Turn   | Place    | Note
-------+----------+-------------------------------------------
     0 | D:1      | zoran the Minotaur Wanderer began the quest for the Orb.
     0 | D:1      | zoran set off with the following items: a +2 mace, a +0
                  | shortbow, 154 arrows, 69 tomahawks, a ration {!d}, a +0
                  | robe, a +0 dagger
     0 | D:1      | Reached XP level 1. HP: 19/19 MP: 0/0
   202 | D:1      | Reached skill level 1 in Stealth
   318 | D:1      | Reached XP level 2. HP: 24/27 MP: 1/1
   372 | D:1      | Reached skill level 4 in Fighting
  1075 | D:2      | Reached XP level 3. HP: 26/33 MP: 2/2
  1415 | D:2      | Reached skill level 1 in Dodging
  1715 | D:2      | Reached XP level 4. HP: 29/40 MP: 3/3
  1865 | D:3      | Reached XP level 5. HP: 31/46 MP: 4/4
  1954 | D:3      | Found a shimmering blue altar of Sif Muna.
  1957 | D:3      | Found a transporter.
  1957 | D:3      | Noticed an orc warrior
  1966 | D:3      | Found a transporter.
  2676 | D:4      | Found a burning altar of Makhleb.
  2702 | D:4      | Reached XP level 6. HP: 25/52 MP: 5/5
  2721 | D:4      | Became a worshipper of Makhleb the Destroyer
  2858 | D:4      | Noticed Robin
  2885 | D:4      | Killed Robin
  2925 | D:4      | Reached skill level 5 in Dodging
  3007 | D:4      | Noticed a slave
  3008 | D:4      | Got a pair of slimy boots
  3008 | D:4      | Noticed Pikel
  3016 | D:4      | Noticed a slave
  3017 | D:4      | Noticed a slave
  3020 | D:4      | Noticed a slave
  3034 | D:4      | Killed Pikel
  3035 | D:4      | Reached XP level 7. HP: 44/59 MP: 6/6
  3613 | D:4      | Identified the +4 pair of boots "Hutuxag" {Str+5 Stlth+}
                  | (You found it on level 4 of the Dungeon)
  3652 | D:5      | Entered Level 5 of the Dungeon
  3675 | D:5      | Found a glowing silver altar of Zin.
  3699 | D:5      | Noticed a wyvern
  3708 | D:5      | Killed a wyvern
  3709 | D:5      | Reached XP level 8. HP: 14/66 MP: 7/7
  3972 | D:5      | Reached skill level 5 in Throwing
  4771 | D:6      | Reached * piety under Makhleb
  4830 | D:6      | Got a shimmering spear
  5002 | D:6      | Found an opulent altar of Gozag.
  5014 | D:6      | Found Gozag's Platinum Reserve.
  5238 | D:6      | Found a glowing golden altar of the Shining One.
  5244 | D:6      | Reached skill level 5 in Fighting
  5306 | D:6      | Found a runed door.
  5432 | D:6      | Noticed Eustachio
  5451 | D:6      | Killed Eustachio
  5451 | D:6      | Reached ** piety under Makhleb
  5452 | D:6      | Reached XP level 9. HP: 55/74 MP: 8/8
  5959 | D:7      | Identified the +4 spear of Sharkskin {pierce, rN+} (You
                  | found it on level 6 of the Dungeon)
  5974 | D:7      | Found a staircase to the Ecumenical Temple.
  6026 | D:7      | Reached skill level 5 in Armour
  6034 | D:7      | Reached skill level 5 in Shields
  6034 | D:7      | Reached skill level 1 in Evocations
  6211 | D:7      | Reached skill level 1 in Invocations
  6290 | D:7      | Found a basalt altar of Yredelemnul.
  6517 | D:7      | Found a sacrificial altar of Ru.
  6611 | D:8      | Found a shadowy altar of Dithmenos.
  6702 | D:8      | Reached skill level 5 in Invocations
  6858 | D:8      | Reached skill level 6 in Fighting
  6951 | D:8      | Reached skill level 7 in Fighting
  6978 | D:8      | Noticed a troll
  7001 | D:8      | Killed a troll
  7008 | D:8      | Reached skill level 8 in Fighting
  7042 | D:8      | Reached XP level 10. HP: 50/90 MP: 12/12
  7155 | D:8      | Reached *** piety under Makhleb
  7168 | D:8      | Reached skill level 9 in Fighting
  7382 | D:8      | Found a staircase to the Lair.
  7436 | D:8      | Found an ancient bone altar of Kikubaaqudgha.
  7643 | D:8      | Found a shimmering altar of Xom.
  7812 | D:8      | Found a radiant altar of Vehumet.
  7938 | Lair:1   | Entered Level 1 of the Lair of Beasts
  7957 | Lair:1   | Reached skill level 10 in Fighting
  8115 | Lair:1   | Noticed Gastronok
  8151 | Lair:1   | Killed Gastronok
  8152 | Lair:1   | Reached skill level 10 in Maces & Flails
  8152 | Lair:1   | Reached XP level 11. HP: 16/100 MP: 13/13
  9703 | Lair:2   | Reached skill level 11 in Fighting
 10323 | Lair:3   | Noticed an oklob plant
 10425 | Lair:3   | Killed an oklob plant
 10924 | Lair:3   | Found a snail-covered altar of Cheibriados.
 11125 | Lair:3   | Reached skill level 5 in Evocations
 11627 | Lair:4   | Reached skill level 12 in Fighting
 11743 | Lair:4   | Reached XP level 12. HP: 112/112 MP: 12/14
 11749 | Lair:4   | Reached **** piety under Makhleb
 12007 | Lair:4   | Found a staircase to the Snake Pit.
 13446 | Lair:5   | Noticed a five-headed hydra
 13451 | Lair:5   | Killed a five-headed hydra
 13454 | Lair:5   | Found a dark tunnel.
 13468 | Volcano  | Entered a volcano
 13528 | Volcano  | Reached skill level 10 in Armour
 13659 | Volcano  | Reached skill level 10 in Throwing
 13683 | Volcano  | Reached XP level 13. HP: 87/118 MP: 7/15
 13692 | Volcano  | Reached ***** piety under Makhleb
 14171 | Volcano  | Identified a +2 pair of boots of running (You found it in a
                  | volcano)
 15025 | Lair:6   | Entered Level 6 of the Lair of Beasts
 15864 | Lair:6   | Found a staircase to the Elven Halls.
 15939 | Lair:6   | Got a crude ruby amulet
 15942 | Lair:6   | Identified the amulet "Weokhadi" {Rage Str+3} (You found it
                  | on level 6 of the Lair of Beasts)
 15997 | Lair:6   | Noticed Kirke
 16008 | Lair:6   | Killed Kirke
 16677 | Lair:6   | Noticed a dire elephant
 16704 | Lair:6   | Killed a dire elephant
 16705 | Lair:6   | Reached skill level 5 in Stealth
 16752 | Lair:6   | Noticed an entropy weaver
 16752 | Lair:6   | Noticed an entropy weaver
 16763 | Lair:6   | Killed an entropy weaver
 17029 | Lair:6   | Killed an entropy weaver
 17496 | Lair:6   | Noticed a dire elephant
 18199 | D:9      | Found a corrupted altar of Lugonu.
 18235 | D:9      | Found a radiant altar of Vehumet.
 18430 | D:10     | Entered Level 10 of the Dungeon
 18503 | D:10     | Reached XP level 14. HP: 84/126 MP: 19/19
 18617 | D:10     | Found Jyqet's Lightly-Used Armoury.
 18659 | D:10     | Bought a -2 demon whip for 91 gold pieces
 18701 | D:10     | Found Ces Hoc's Distillery.
 18709 | D:10     | Bought 2 potions of heal wounds for 140 gold pieces
 18709 | D:10     | Bought a potion of flight for 56 gold pieces
 18709 | D:10     | Bought a potion of brilliance for 56 gold pieces
 18709 | D:10     | Bought a potion of invisibility for 112 gold pieces
 18736 | D:10     | Bought -2 gold dragon scales for 910 gold pieces
 18927 | D:10     | Found a staircase to the Orcish Mines.
 19773 | D:11     | Reached ****** piety under Makhleb
 20095 | D:11     | Reached skill level 10 in Invocations
 20557 | D:11     | Reached skill level 10 in Evocations
 20842 | D:11     | Found a gate to the Vaults.
 21056 | D:12     | Entered Level 12 of the Dungeon
 21524 | D:12     | Found a sparkling altar of Nemelex Xobeh.
 22059 | D:12     | Reached XP level 15. HP: 120/132 MP: 21/21
 22125 | D:12     | Found Nuuq's General Store.
 22135 | D:12     | Bought a scroll of identify for 34 gold pieces
 22264 | D:12     | Found a staircase to the Depths.
 22332 | D:12     | Reached skill level 10 in Shields
 22797 | Orc      | Entered the Orcish Mines
 22797 | Orc      | Found a staircase to the Slime Pits.
 22798 | Orc      | Found a viscous altar of Jiyva.
 23319 | Orc      | Reached skill level 13 in Fighting
 23353 | Orc      | Found Ciptad's General Store.
 23383 | Orc      | Found Syla's General Store.
 23384 | Orc      | Found Lecwuug's Book Shoppe.
 23386 | Orc      | Bought a scroll of acquirement for 780 gold pieces
 23386 | Orc      | Bought a scroll of identify for 30 gold pieces
 23392 | Orc      | Identified the +2 hand crossbow of Goubb {flame, MR- Dex+6}
                  | (You acquired it in the Orcish Mines)
 23392 | Orc      | Identified the +0 cloak of Valour {+Blink MR+ Str-4 SInv}
                  | (You acquired it in the Orcish Mines)
 23428 | Orc      | Found Omohamar's Food Shop.
 23636 | Orc      | Found Tuproim's Magic Scroll Shop.
 23646 | Orc      | Bought a scroll of fog for 28 gold pieces
 23646 | Orc      | Bought a scroll of identify for 28 gold pieces
 23646 | Orc      | Bought a scroll of identify for 28 gold pieces
 24652 | Lair:6   | Reached skill level 14 in Fighting
 25341 | Lair:2   | Found a staircase to the Swamp.
 25642 | Swamp:1  | Entered Level 1 of the Swamp
 26132 | Swamp:1  | Reached XP level 16. HP: 135/147 MP: 22/22
 27254 | Swamp:2  | Noticed Donald
 27262 | Swamp:2  | Noticed an Executioner
 27334 | Swamp:2  | Identified the ring of Jaov {Dex+4 Slay+2} (You acquired it
                  | on level 2 of the Swamp)
 27437 | Swamp:2  | Noticed an Executioner
 27515 | Swamp:2  | Reached skill level 15 in Armour
 27521 | Swamp:3  | Entered Level 3 of the Swamp
 27567 | Swamp:3  | Reached skill level 15 in Fighting
 27828 | Swamp:3  | Noticed the 27-headed Lernaean hydra
 27841 | Swamp:3  | Noticed a thorn hunter
 27854 | Swamp:3  | Noticed a thorn hunter
 27869 | Swamp:3  | Killed a thorn hunter
 27870 | Swamp:3  | Reached skill level 15 in Shields
 27884 | Swamp:3  | Killed a thorn hunter
 28011 | Swamp:3  | Noticed a thorn hunter
 28016 | Swamp:3  | Got a decaying rune of Zot
 28033 | Swamp:3  | Killed a thorn hunter
 28176 | Swamp:3  | Killed the 27-headed Lernaean hydra
 28600 | Swamp:2  | Killed Donald
 28960 | Orc      | Bought a scroll of enchant weapon for 105 gold pieces
 28960 | Orc      | Bought a scroll of enchant weapon for 105 gold pieces
 29148 | Snake:1  | Entered Level 1 of the Snake Pit
 29190 | Snake:1  | Reached XP level 17. HP: 133/156 MP: 25/25
 31199 | Snake:2  | Reached skill level 15 in Maces & Flails
 32041 | Snake:3  | Entered Level 3 of the Snake Pit
 32157 | Snake:3  | Noticed Aizul
 32173 | Snake:3  | Killed Aizul
 32584 | Snake:3  | Found Rerghaen's Jewellery Emporium.
 32585 | Snake:3  | Found Vuloazuk's Gadget Boutique.
 32589 | Snake:3  | Found Ustanump's Jewellery Emporium.
 33266 | Snake:3  | Reached XP level 18. HP: 151/163 MP: 27/27
 33701 | Snake:3  | Reached skill level 15 in Invocations
 34104 | Snake:3  | Got a serpentine rune of Zot
 34172 | Snake:3  | Bought the macabre finger necklace {rN+} for 840 gold
                  | pieces
 34172 | Snake:3  | Found the macabre finger necklace {rN+}
 34463 | Vaults:1 | Entered Level 1 of the Vaults
 35287 | Vaults:1 | Reached XP level 19. HP: 170/170 MP: 30/30
 36299 | Vaults:2 | Found Ecodopi's Antique Armour Shoppe.
 37239 | Vaults:2 | Found a staircase to the Crypt.
 37565 | Vaults:2 | Found Eklott's Gadget Boutique.
 37632 | Vaults:2 | Found Muawuwu's Food Emporium.
 37732 | Vaults:2 | Found Emiddopn's Weapon Boutique.
 37986 | Vaults:2 | Bought a wand of acid (11) for 552 gold pieces
 37986 | Vaults:2 | Bought a wand of acid (6) for 322 gold pieces
 38132 | Crypt:1  | Entered Level 1 of the Crypt
 38517 | Crypt:1  | Reached skill level 16 in Fighting
 38986 | Crypt:2  | Entered Level 2 of the Crypt
 39104 | Crypt:2  | Found a staircase to the Tomb.
 39511 | Crypt:2  | Noticed Margery
 39620 | Crypt:2  | Killed Margery
 39621 | Crypt:2  | Reached XP level 20. HP: 174/183 MP: 32/32
 39743 | Crypt:2  | Reached skill level 17 in Fighting
 40854 | Crypt:2  | Identified the ring of the Hero {rN+ Dex+5}
 40878 | Crypt:2  | Identified the ring "Uliten Doit" {rElec rN+}
 40893 | Crypt:2  | Noticed a bone dragon
 40893 | Crypt:2  | Noticed an ancient lich
 41063 | D:10     | Bought a potion of curing for 35 gold pieces
 41063 | D:10     | Bought a potion of curing for 35 gold pieces
 41132 | Orc      | Bought a potion of curing for 37 gold pieces
 41617 | Vaults:2 | Bought a fan of gales (2/2) for 690 gold pieces
 41617 | Vaults:2 | Bought a wand of disintegration (19) for 287 gold pieces
 41617 | Vaults:2 | Bought a wand of disintegration (6) for 98 gold pieces
 41617 | Vaults:2 | Bought a wand of paralysis (10) for 253 gold pieces
 41617 | Vaults:2 | Bought a box of beasts for 460 gold pieces
 41792 | Depths:1 | Entered Level 1 of the Depths
 41922 | Slime:1  | Entered Level 1 of the Pits of Slime
 41943 | Orc      | Reached skill level 18 in Fighting
 42280 | Elf:1    | Entered Level 1 of the Elven Halls
 42525 | Elf:1    | Identified the Grimoire of the Modern Dances
 43229 | Elf:2    | Found Ypor Sorch's Magic Scroll Shop.
 43259 | Elf:2    | Found a runed gate.
 43259 | Elf:2    | Found a runed gate.
 43367 | Elf:2    | Found a runed gate.
 43713 | Elf:2    | Found Yrol's Assorted Antiques.
 43813 | Elf:2    | Reached skill level 19 in Fighting
 44036 | Elf:2    | Found Leps's Antique Armour Boutique.
 44078 | Elf:2    | Reached XP level 21. HP: 106/198 MP: 25/33
 44310 | Elf:2    | Identified the +0 pair of gloves of the Solstice {rElec
                  | Str+3}
 44317 | Elf:2    | Bought a scroll of teleportation for 51 gold pieces
 44332 | Elf:2    | Found Vyuf's Gadget Emporium.
 44580 | Elf:2    | Bought a scroll of teleportation for 75 gold pieces
 45110 | Crypt:2  | Killed an ancient lich
 45239 | Crypt:2  | Identified the +1 robe "Vutioze" {Int+5}
 45779 | Depths:1 | Noticed a rockslime
 45790 | Depths:1 | Killed a rockslime
 45817 | Depths:1 | Reached skill level 20 in Fighting
 46087 | Depths:1 | Identified the ring of Nocon {rF+ Str+2 Slay-2 Stlth--}
 46579 | Depths:1 | Found a gateway to Hell.
 46807 | Depths:1 | Noticed a rockslime
 46822 | Depths:1 | Killed a rockslime
 47176 | Depths:1 | Identified the ring "Ytivefa" {rPois rC+ Dex+2}
 47470 | Depths:2 | Found a one-way gate leading to the halls of Pandemonium.
 47496 | Depths:2 | Noticed a Killer Klown
 47522 | Depths:1 | Killed a Killer Klown
 47561 | Depths:2 | Noticed a golden dragon
 47595 | Depths:2 | Killed a golden dragon
 47639 | Depths:2 | Reached XP level 22. HP: 195/211 MP: 23/34
 47690 | Depths:2 | Reached skill level 21 in Fighting
 48207 | Depths:2 | Noticed a juggernaut
 48222 | Depths:2 | Killed a juggernaut
 48388 | Depths:2 | Found a one-way gate to the infinite horrors of the Abyss.
 48948 | Depths:2 | Identified the +8 eveningstar of Qeuz {elec, rPois Int+4}
                  | (You acquired it on level 2 of the Depths)
 48948 | Depths:2 | Identified the ring "Coegriwn" {+Inv rC+ Dex+3 SInv} (You
                  | acquired it on level 2 of the Depths)
 49821 | Depths:3 | Reached skill level 15 in Evocations
 50069 | Depths:4 | Noticed a juggernaut
 50111 | Depths:4 | Noticed a Killer Klown
 50133 | Depths:4 | Killed a Killer Klown
 50141 | Depths:4 | Noticed a juggernaut
 50144 | Depths:4 | Killed a juggernaut
 50155 | Depths:4 | Killed a juggernaut
 50156 | Depths:4 | Reached XP level 23. HP: 132/220 MP: 30/35
 50279 | Depths:4 | Noticed a golden dragon
 50287 | Depths:4 | Killed a golden dragon
 50370 | Depths:4 | Identified the cursed +0 scale mail of Yzoax {+Blink rPois
                  | rC- Int+4}
 50778 | Depths:4 | Identified the ring of Due Proportion {+Fly Slay+3}
 51134 | Depths:5 | Entered Level 5 of the Depths
 51136 | Depths:5 | Noticed a Killer Klown
 51163 | Depths:5 | Killed a Killer Klown
 51623 | Depths:5 | Noticed a caustic shrike
 51646 | Depths:4 | Killed a caustic shrike
 51734 | Depths:5 | Noticed a caustic shrike
 51735 | Depths:5 | Noticed a caustic shrike
 51743 | Depths:5 | Killed a caustic shrike
 51749 | Depths:5 | Killed a caustic shrike
 51754 | Depths:5 | Noticed a caustic shrike
 51761 | Depths:5 | Killed a caustic shrike
 51902 | Depths:5 | Found a gateway to a ziggurat.
 52307 | Depths:5 | Reached skill level 22 in Fighting
 52593 | Depths:5 | Identified the amulet of the Leaping Saviour {Gourm rPois
                  | rC+ MR++}
 52766 | Depths:5 | Noticed a golden dragon
 52801 | Depths:5 | Reached XP level 24. HP: 181/233 MP: 35/35
 52806 | Depths:5 | Killed a golden dragon
 52909 | Depths:5 | Reached skill level 23 in Fighting
 52938 | Depths:5 | Found a gate to the Realm of Zot.
 54775 | Slime:2  | Reached skill level 24 in Fighting
 57503 | Slime:5  | Entered Level 5 of the Pits of Slime
 57695 | Slime:5  | Reached skill level 25 in Fighting
 58001 | Slime:5  | Noticed the Royal Jelly
 58005 | Slime:5  | Found a viscous altar of Jiyva.
 58014 | Slime:5  | Killed the Royal Jelly
 58074 | Slime:5  | Identified the ring of Edaud {*Corrode rElec rC++ MR++
                  | Str+2}
 58077 | Slime:5  | Identified the cursed +0 morningstar of Dissatisfaction
                  | {pain, rN+ MR+ Int-3}
 58089 | Slime:5  | Identified the +3 spear of Pupaet {drain, *Drain rN++
                  | Dex+3}
 58110 | Slime:5  | Identified the cursed +0 scale mail of Feasting {*Slow
                  | rPois Slay+5 Stlth+}
 58115 | Slime:5  | Identified the +0 chain mail "Qatien" {rC+ MR+}
 58122 | Slime:5  | Identified the cursed +1 plate armour of Gico Oru {Str+3}
 58139 | Slime:5  | Identified the ring "Ciysues" {+Fly Int+3}
 58197 | Slime:5  | Got a slimy rune of Zot
 58198 | Slime:5  | Identified the +3 hand axe "Inyss" {protect, Str+4}
 58536 | Elf:2    | Bought a scroll of blinking for 187 gold pieces
 58536 | Elf:2    | Bought a scroll of enchant armour for 187 gold pieces
 58536 | Elf:2    | Bought 2 potions of ambrosia for 200 gold pieces
 58536 | Elf:2    | Bought a runed cloak for 187 gold pieces
 59051 | Zot:1    | Entered Level 1 of the Realm of Zot
 59054 | Zot:1    | Noticed a golden dragon
 59058 | Zot:1    | Noticed a golden dragon
 59066 | Zot:1    | Reached skill level 26 in Fighting
 59079 | Depths:5 | Reached XP level 25. HP: 224/253 MP: 35/35
 59084 | Depths:5 | Killed a golden dragon
 59091 | Depths:5 | Killed a golden dragon
 59309 | Zot:1    | Noticed Xtahua
 59605 | Zot:1    | Killed Xtahua
 59606 | Zot:1    | Reached skill level 27 in Fighting
 59606 | Zot:1    | Found the +6 fire dragon scales of Xtahua {rF+++ rC- MR+}
 60890 | Zot:1    | Noticed an orb of fire
 60901 | Zot:1    | Gained mutation: You are frail. (-10% HP) [an orb of fire]
 60907 | Zot:1    | Gained mutation: You occasionally shout uncontrollably at
                  | your foes. [an orb of fire]
 60915 | Zot:1    | Killed an orb of fire
 60932 | Zot:1    | Lost mutation: You are frail. (-10% HP) [potion of
                  | mutation]
 60932 | Zot:1    | Lost mutation: You occasionally shout uncontrollably at
                  | your foes. [potion of mutation]
 60932 | Zot:1    | Gained mutation: You are partially covered in icy blue
                  | scales. (AC +2) [potion of mutation]
 60932 | Zot:1    | Gained mutation: Your spells are a little harder to cast,
                  | but a little more powerful. [potion of mutation]
 60932 | Zot:1    | Gained mutation: Your muscles are strong. (Str +2) [potion
                  | of mutation]
 61446 | Zot:2    | Noticed a golden dragon
 61456 | Zot:2    | Killed a golden dragon
 61756 | Zot:2    | Noticed a golden dragon
 61849 | Zot:2    | Killed a golden dragon
 62516 | Zot:3    | Reached XP level 26. HP: 266/266 MP: 35/35
 62561 | Zot:3    | Noticed a golden dragon
 62573 | Zot:2    | Reached skill level 10 in Stealth
 62822 | Zot:2    | Killed a golden dragon
 63108 | Zot:3    | Noticed a golden dragon
 63127 | Zot:3    | Killed a golden dragon
 63150 | Zot:3    | Noticed a golden dragon
 63173 | Zot:3    | Killed a golden dragon
 63714 | Zot:4    | Noticed a golden dragon
 63819 | Zot:4    | Noticed an orb of fire
 63823 | Zot:4    | Gained mutation: You occasionally shout uncontrollably at
                  | your foes. [an orb of fire]
 63833 | Zot:4    | Killed an orb of fire
 63850 | Zot:4    | Killed a golden dragon
 63946 | Zot:4    | Noticed a golden dragon
 63962 | Zot:4    | Killed a golden dragon
 64049 | Zot:4    | Identified the ring "Mourch" {rElec rC- MR+ Int-5 Dex+9}
                  | (You acquired it on level 4 of the Realm of Zot)
 64903 | Zot:4    | Noticed a Killer Klown
 64946 | Zot:4    | Killed a Killer Klown
 65214 | Zot:4    | Noticed a golden dragon
 65214 | Zot:4    | Noticed an orb of fire
 65230 | Zot:4    | Gained mutation: You are frail. (-10% HP) [an orb of fire]
 65232 | Zot:4    | Gained mutation: Your magical capacity is low. (-10% MP)
                  | [an orb of fire]
 65236 | Zot:4    | Gained mutation: Armour fits poorly on your strangely
                  | shaped body. [an orb of fire]
 65237 | Zot:4    | Gained mutation: You are dopey. (Int -2) [an orb of fire]
 65241 | Zot:4    | Gained mutation: You tend to lose your temper in combat.
                  | [an orb of fire]
 65245 | Zot:4    | Killed an orb of fire
 65263 | Zot:4    | Killed a golden dragon
 65326 | Zot:4    | Lost mutation: You occasionally shout uncontrollably at
                  | your foes. [potion of mutation]
 65326 | Zot:4    | Lost mutation: Your spells are a little harder to cast, but
                  | a little more powerful. [potion of mutation]
 65326 | Zot:4    | Gained mutation: Your flesh is heat resistant. (rF+)
                  | [potion of mutation]
 65327 | Zot:4    | Lost mutation: You tend to lose your temper in combat.
                  | [potion of mutation]
 65327 | Zot:4    | Lost mutation: Your muscles are strong. (Str +2) [potion of
                  | mutation]
 65327 | Zot:4    | Lost mutation: Armour fits poorly on your strangely shaped
                  | body. [potion of mutation]
 65327 | Zot:4    | Gained mutation: You are resistant to hostile enchantments.
                  | (MR+) [potion of mutation]
 65327 | Zot:4    | Gained mutation: You are partially covered in iridescent
                  | scales. (AC +2) [potion of mutation]
 65328 | Zot:4    | Lost mutation: Your magical capacity is low. (-10% MP)
                  | [potion of mutation]
 65328 | Zot:4    | Lost mutation: You are dopey. (Int -2) [potion of mutation]
 65328 | Zot:4    | Lost mutation: Your flesh is heat resistant. (rF+) [potion
                  | of mutation]
 65328 | Zot:4    | Gained mutation: You are covered in fur. (AC +1) [potion of
                  | mutation]
 65328 | Zot:4    | Lost mutation: You are frail. (-10% HP) [potion of
                  | mutation]
 65328 | Zot:4    | Gained mutation: Your system is resistant to poisons.
                  | (rPois) [potion of mutation]
 65818 | Zot:5    | Entered Level 5 of the Realm of Zot
 66164 | Zot:5    | Reached XP level 27. HP: 273/273 MP: 35/35
 66191 | Zot:5    | Noticed an orb of fire
 66206 | Zot:5    | Killed an orb of fire
 66279 | Zot:5    | Noticed an ancient lich
 66350 | Zot:5    | Killed an ancient lich
 66416 | Zot:5    | Noticed an ancient lich
 66431 | Zot:5    | Killed an ancient lich
 66667 | Zot:5    | Noticed an orb of fire
 66667 | Zot:5    | Noticed an orb of fire
 66683 | Zot:5    | Killed an orb of fire
 66683 | Zot:5    | Noticed an ancient lich
 66690 | Zot:5    | Killed an ancient lich
 66705 | Zot:5    | Killed an orb of fire
 66706 | Zot:5    | Reached skill level 10 in Dodging
 66882 | Zot:5    | Noticed an orb of fire
 66892 | Zot:5    | Killed an orb of fire
 66904 | Zot:5    | Noticed an orb of fire
 66910 | Zot:5    | Gained mutation: Potions are less effective at restoring
                  | your health. [an orb of fire]
 66911 | Zot:5    | Noticed an ancient lich
 66912 | Zot:5    | Gained mutation: You are dopey. (Int -2) [an orb of fire]
 66912 | Zot:5    | Gained mutation: Your magical capacity is low. (-10% MP)
                  | [an orb of fire]
 66918 | Zot:5    | Killed an orb of fire
 66927 | Zot:5    | Killed an ancient lich
 67072 | Zot:5    | Noticed an orb of fire
 67078 | Zot:5    | Gained mutation: Potions are poor at restoring your health.
                  | [an orb of fire]
 67088 | Zot:5    | Gained mutation: Armour fits poorly on your strangely
                  | shaped body. [an orb of fire]
 67096 | Zot:5    | Gained mutation: Your body sometimes deteriorates upon
                  | taking damage. [an orb of fire]
 67097 | Zot:5    | Killed an orb of fire
 67177 | Zot:5    | Lost mutation: Armour fits poorly on your strangely shaped
                  | body. [potion of mutation]
 67177 | Zot:5    | Lost mutation: Your magical capacity is low. (-10% MP)
                  | [potion of mutation]
 67177 | Zot:5    | Lost mutation: You are resistant to hostile enchantments.
                  | (MR+) [potion of mutation]
 67177 | Zot:5    | Gained mutation: Scrolls take you a little longer to read.
                  | [potion of mutation]
 67177 | Zot:5    | Gained mutation: You have a beak for a mouth. [potion of
                  | mutation]
 67177 | Zot:5    | Gained mutation: Scrolls take you longer to read. [potion
                  | of mutation]
 67177 | Zot:5    | Gained mutation: You evolve. [potion of mutation]
 67354 | Zot:5    | Got the Orb of Zot
 67408 | Zot:4    | Noticed Mumehucef the pandemonium lord
 67862 | D:$      | Escaped with the Orb!

Skill      XL: |  1  2  3  4  5  6  7  8  9 10 11 12 13 14 15 16 17 18 19 20 21 22 23 24 25 26 27 |
---------------+----------------------------------------------------------------------------------+-----
Stealth        | 1 2 5 9 10 | 10.0
Fighting       | 4 5 8 10 12 14 15 16 19 20 21 22 26 27 | 27.0
Maces & Flails | 3 10 11 12 15 16 19 | 19.9
Dodging        | 1 2 4 6 7 8 10 | 10.0
Armour         | 2 4 5 10 12 14 15 16 19 20 21 22 23 24 | 24.5
Throwing       | 4 6 10 | 10.0
Shields        | 4 5 9 10 15 16 18 19 21 24 | 24.5
Evocations     | 1 5 8 10 16 18 19 | 19.0
Invocations    | 5 8 10 12 13 16 18 | 18.0
Axes           | |  2.4

Action                   |  1- 3 |  4- 6 |  7- 9 | 10-12 | 13-15 | 16-18 | 19-21 | 22-24 | 25-27 || total
-------------------------+-------+-------+-------+-------+-------+-------+-------+-------+-------++-------
Melee: Mace              |    65 |   121 |   110 |       |       |       |       |       |       ||   296
       Headbutt          |    11 |    15 |    85 |   203 |   429 |   302 |   385 |   449 |   378 ||  2257
       Whip              |       |       |   293 |   560 |   554 |       |       |       |       ||  1407
       Flail             |       |       |       |   128 |       |       |       |       |       ||   128
       Demon whip        |       |       |       |       |  1136 |   344 |       |       |       ||  1480
       Eveningstar       |       |       |       |       |       |   913 |  1462 |  1451 |  1160 ||  4986
       Peck              |       |       |       |       |       |       |       |       |    21 ||    21
 Fire: Blowgun           |       |       |       |    35 |    12 |     1 |       |     6 |    15 ||    69
Throw: Tomahawk          |       |    15 |    14 |    41 |   114 |    58 |       |   138 |       ||   380
       Javelin           |       |       |       |    25 |    74 |    39 |    92 |       |       ||   230
Invok: Minor Destruction |       |       |     1 |     6 |    20 |    22 |    12 |    19 |    15 ||    95
       Major Destruction |       |       |       |     3 |     6 |    12 |     4 |     9 |       ||    34
       Hew               |       |       |       |       |     9 |    14 |     4 |       |     1 ||    28
       Greater Servant o |       |       |       |       |       |     4 |    10 |     5 |    10 ||    29
 Abil: Evoke Invisibilit |       |       |       |       |       |       |       |     1 |     4 ||     5
Evoke: Wand              |       |       |     7 |     5 |    35 |    20 |    17 |    13 |    10 ||   107
       Lamp of fire      |       |       |       |       |     3 |     4 |     5 |     5 |     4 ||    21
       Box of beasts     |       |       |       |       |       |     1 |     2 |       |       ||     3
       Phantom mirror    |       |       |       |       |       |     1 |     1 |       |       ||     2
       Sack of spiders   |       |       |       |       |       |     2 |     3 |     1 |     1 ||     7
       Phial of floods   |       |       |       |       |       |       |     1 |       |       ||     1
       Fan of gales      |       |       |       |       |       |       |       |       |     1 ||     1
  Use: Scroll            |     3 |     1 |     3 |     6 |    24 |    17 |    12 |     9 |     7 ||    82
       Potion            |       |       |     2 |     5 |     7 |     5 |     8 |     2 |    11 ||    40
 Stab: Sleeping          |     1 |       |       |       |       |       |       |       |       ||     1
       Paralysed         |       |       |       |     5 |       |       |       |       |       ||     5
       Confused          |       |       |       |       |       |     1 |     1 |       |     2 ||     4
       Distracted        |       |       |       |       |       |     1 |     7 |     6 |     3 ||    17
       Held in net/web   |       |       |       |       |       |       |       |     1 |       ||     1
       Invisible         |       |       |       |       |       |       |       |     1 |     5 ||     6
  Eat: Chunk             |     4 |     8 |    17 |    34 |    54 |    19 |    28 |    22 |     8 ||   194
       Ration            |       |       |     2 |     2 |     5 |     9 |    10 |    12 |    11 ||    51
Armor: Robe              |     3 |       |       |       |       |       |       |       |       ||     3
       Leather armour    |    20 |     4 |       |       |       |       |       |       |       ||    24
       Chain mail        |       |    40 |   251 |   201 |   257 |       |       |       |       ||   749
       Gold dragon scale |       |       |       |       |   519 |   780 |   658 |   815 |   637 ||  3409
Dodge: Dodged            |    44 |    61 |   142 |   147 |   232 |   221 |   203 |   323 |   254 ||  1627
Block: Medium shield     |       |       |   213 |   217 |   689 |   824 |   796 |   838 |   475 ||  4052
       Large shield      |       |       |       |       |       |       |       |       |   395 ||   395
